 Dungeon Crawl Stone Soup version 0.29.1-1-gd02db6906a (webtiles) character file.

Game seed: 18153198688509254644

4099 MisterFreud the Cruncher (level 10, -1/85 HPs)
             Began as a Formicid Gladiator on Sept 30, 2022.
             Was an Initiate of Yredelemnul.
             Slain by a killer bee (4 damage)
             ... on level 7 of the Dungeon.
             The game lasted 00:12:05 (7081 turns).

MisterFreud the Cruncher (Formicid Gladiator)       Turns: 7081, Time: 00:12:06

Health: -1/85      AC:  8    Str: 21    XL:     10   Next: 50%
Magic:  12/12      EV: 12    Int:  8    God:    Yredelemnul [......]
Gold:   362        SH:  0    Dex: 17    Spells: 9/9 levels left

rFire   . . .      SeeInvis +   a - +1 quarterstaff
rCold   . . .      Faith    .   (no shield)
rNeg    . . .      Spirit   .   v - +0 acid dragon scales
rPois   .          Reflect  .   (helmet unavailable)
rElec   .          Harm     .   (no cloak)
rCorr   +          Rampage  .   (no gloves)
Will    +....                   l - +0 pair of boots
Stlth   +.........              p - amulet of regeneration
HPRegen 1.04/turn               (no ring)
MPRegen 0.13/turn               (no ring)

@: lethally poisoned (-1 -> -8)
A: permanent stasis, dig shafts and tunnels, antennae 3, four strong arms
a: Dig, Shaft Self, Renounce Religion, Recall Undead Harvest


You were on level 7 of the Dungeon.
You worshipped Yredelemnul.
Yredelemnul was noncommittal.
You visited 2 branches of the dungeon, and saw 8 of its levels.

You collected 362 gold pieces.

Inventory:

Hand Weapons
 a - a +1 quarterstaff (weapon)
Missiles
 c - 4 throwing nets
 d - a javelin
 q - 2 poisoned darts
 t - 4 boomerangs (quivered)
Armour
 b - a +0 leather armour
 e - a +0 chain mail
 l - a +0 pair of boots (worn)
 v - +0 acid dragon scales (worn)
Jewellery
 p - an amulet of regeneration (around neck)
Wands
 n - a wand of flame (13)
 s - a wand of charming (1)
Scrolls
 g - a scroll of enchant weapon
 u - a scroll of identify
Potions
 f - 2 potions of heal wounds
 h - 2 potions of might {unknown}
 i - 4 potions of flight
 j - 2 potions of resistance
 k - a potion of curing
 m - 4 potions of mutation
 o - a potion of lignification
 r - a potion of brilliance {unknown}


   Skills:
 - Level 10.0 Fighting
 - Level 10.0 Staves
 - Level 2.0 Throwing
 + Level 6.2 Armour
 - Level 2.6 Dodging
 + Level 3.7 Invocations


You had 9 spell levels left.
You didn't know any spells.
Your spell library contained the following spells:

 Spells                   Type           Power      Damage    Failure   Level
 Shock                    Conj/Air       0%         1d3       47%         1
 Airstrike                Air            0%         2d(0-16)  99%         4
 Swiftness                Air            Unusable   N/A       N/A         3

Dungeon Overview and Level Annotations

Branches:
Dungeon (7/15)             Temple (1/1) D:5

Altars:
Ashenzari
Cheibriados
Dithmenos
Fedhas
Gozag
Kikubaaqudgha
Makhleb
Okawaru
Qazlal
Ru
Trog
Uskayaw
Xom
Yredelemnul
Zin

Annotations:
D:2 Natasha


Innate Abilities, Weirdness & Mutations

You cannot be hasted, slowed, berserked, paralysed or teleported.
You can dig through walls and to a lower floor.
You have a pair of large antennae on your head. (SInv)
Your four strong arms can wield two-handed weapons with a shield.


Message History

You feel sick.
Your killer bee zombie closely misses the killer bee.
The killer bee stings you but does no damage.
The killer bee stings you.
Your killer bee zombie hits the killer bee.
You miss the killer bee.
The killer bee is heavily wounded.
You feel sick.
The killer bee stings you but does no damage.
The killer bee stings you.
* * * LOW HITPOINT WARNING * * *
Your killer bee zombie completely misses the killer bee.
The killer bee stings you but does no damage.
The killer bee closely misses you.
You barely miss the killer bee.
The killer bee is heavily wounded.
The killer bee barely misses you. x2
Your killer bee zombie closely misses the killer bee.
The killer bee closely misses you. The killer bee barely misses you.
Your killer bee zombie hits the killer bee.
You hit the killer bee.
The killer bee is almost dead.
You feel sick. The killer bee barely misses you. The killer bee stings you!
* * * LOW HITPOINT WARNING * * *
You are more poisoned.
The killer bee poisons you!
Your killer bee zombie closely misses the killer bee.
You miss the killer bee.
The killer bee is almost dead.
You feel very sick. The killer bee stings you!
* * * LOW HITPOINT WARNING * * *
The killer bee stings you but does no damage.
Your killer bee zombie misses the killer bee.
The killer bee stings you.
* * * LOW HITPOINT WARNING * * *
You are more poisoned.
The killer bee poisons you! The killer bee stings you.
You die...
Your body rises from the dead as a mindless zombie.

#.# #.#
#########.#######.#### {
#.Z.................>#
..####.#######.#######.##.#
#..^._≈≈....#.### #...#..#.#
#..^..≈....)..#.(.###......#
###.≈.#.......#Z#(# #......#
...........#.#yy'###......#
...............@.....<.....#
...PP.PP..#'''#.#.###.#....#
....P_P...#.#.#...# #.####.#
...PPP...#...#..## #.# .#
....P.#########.# #.# # ...
.. ..# .# .## ### .# .#


You could see 2 killer bees and a friendly killer bee zombie.

Vanquished Creatures
  Pikel (D:5)
  A troll (D:6)
  Grinder (D:6)
  Prince Ribbit (D:6)
  A steam dragon (D:6)
  Edmund (D:6)
  2 ice beasts
  An ogre (D:4)
  2 phantoms
  A scorpion (D:3)
  9 wights
  4 killer bees (D:7)
  2 orc priests (D:5)
  2 hounds
  Jessica (D:3)
  Natasha (twice) (D:2)
  3 iguanas
  6 orc wizards
  14 adders
  8 gnolls
  2 shadow imps
  A white imp (D:6)
  An ufetubus (D:5)
  A worm (D:4)
  A dart slug (D:4)
  11 orcs
  3 bats
  5 endoplasms
  A giant cockroach (D:1)
  6 goblins
  5 hobgoblins
  5 kobolds
  5 quokkas
  5 ball pythons
  2 frilled lizards
  4 rats
121 creatures vanquished.

Vanquished Creatures (collateral kills)
  A hydra (D:6)
  Maggie (D:6)
  A killer bee (D:7)
  An orc priest (D:6)
  An iguana (D:6)
5 creatures vanquished.

Vanquished Creatures (others)
  A hydra zombie (D:6)
  2 spectral shadow imps (D:6)
  A killer bee zombie (D:7)
  An ice beast zombie (D:6)
  A hound zombie (D:6)
  A steam dragon zombie (D:6)
  2 orc zombies (D:6)
  A plant (D:7)
10 creatures vanquished.

Grand Total: 136 creatures vanquished

Notes
Turn   | Place    | Note
-------+----------+-------------------------------------------
     0 | D:1      | MisterFreud the Formicid Gladiator began the quest for the
                  | Orb.
     0 | D:1      | Reached XP level 1. HP: 16/16 MP: 1/1
   318 | D:1      | Found a faded altar of an unknown god.
   325 | D:1      | Reached XP level 2. HP: 22/22 MP: 2/2
   988 | D:2      | Noticed Natasha
   996 | D:2      | Killed Natasha
   997 | D:2      | Reached XP level 3. HP: 17/27 MP: 3/3
  1053 | D:2      | Noticed Natasha
  1063 | D:2      | Killed Natasha
  1064 | D:2      | Reached XP level 4. HP: 3/33 MP: 4/4
  1364 | D:2      | Found an iron altar of Okawaru.
  1376 | D:2      | Noticed Natasha
  1382 | D:1      | Reached skill level 5 in Staves
  1836 | D:2      | Reached XP level 5. HP: 38/38 MP: 5/5
  2284 | D:3      | Noticed Jessica
  2297 | D:3      | Killed Jessica
  2516 | D:3      | Reached XP level 6. HP: 11/47 MP: 6/6
  4035 | D:4      | Reached skill level 5 in Fighting
  4035 | D:4      | Reached XP level 7. HP: 54/56 MP: 7/7
  4047 | D:4      | Reached skill level 1 in Armour
  4743 | D:5      | Entered Level 5 of the Dungeon
  4783 | D:5      | Reached skill level 5 in Armour
  4783 | D:5      | Reached XP level 8. HP: 62/62 MP: 8/8
  5039 | D:5      | Found an iron altar of Okawaru.
  5222 | D:5      | Noticed Pikel
  5241 | D:5      | Killed Pikel
  5242 | D:5      | Reached XP level 9. HP: 41/68 MP: 9/9
  5348 | D:5      | Found a staircase to the Ecumenical Temple.
  5369 | Temple   | Entered the Ecumenical Temple
  5415 | Temple   | Became a worshipper of Yredelemnul the Dark
  5919 | D:6      | Noticed Grinder
  5948 | D:6      | Reached * piety under Yredelemnul
  5962 | D:6      | Reached skill level 10 in Staves
  6290 | D:6      | Noticed a troll
  6301 | D:6      | Killed a troll
  6417 | D:6      | Noticed Prince Ribbit
  6417 | D:6      | Noticed Maggie
  6424 | D:6      | Killed Prince Ribbit
  6424 | D:6      | Reached ** piety under Yredelemnul
  6449 | D:6      | Killed Maggie
  6450 | D:6      | Reached XP level 10. HP: 42/82 MP: 10/10
  6541 | D:6      | Noticed Edmund
  6546 | D:6      | Killed Edmund
  6607 | D:6      | Killed Grinder
  6734 | D:6      | Noticed an eight-headed hydra
  6740 | D:6      | Killed an eight-headed hydra
  6741 | D:6      | Reached *** piety under Yredelemnul
  6741 | D:6      | Reached **** piety under Yredelemnul
  6741 | D:6      | Reached skill level 10 in Fighting
  6751 | D:6      | Your ally Grinder died
  6936 | D:7      | Found a stormy altar of Qazlal.
  6939 | D:7      | Found a blossoming altar of Fedhas.
  7081 | D:7      | HP: 3/85 [killer bee (4)]
  7081 | D:7      | Slain by a killer bee

Illustrated notes

Levels and vault maps discovered:
D:1:      minmay_arrival_loop, layout_basic, chequers_ecumenical_altar_simple,
          serial_corexii_hall, corexii_hall_statues_t,
          chequers_hall_statues_corner_a
D:2:      layout_rooms, basic_altar, kennysheep_potato, uniq_natasha
D:3:      layout_basic, hangedman_abyss_or_decor_lesser_grid,
          minmay_door_square, minmay_misc_feat_columns, uniq_jessica
D:4:      layout_basic
D:5:      layout_cave_pods, lemuel_doored_altar, minmay_temple_entry_trees,
          serial_rivers, chequers_serial_rivers_micro_e,
          chequers_serial_rivers_marsh, chequers_serial_rivers_small_3,
          chequers_serial_rivers_room_a, chequers_serial_rivers_large_b,
          uniq_pikel
D:6:      kennysheep_big_flooded_room, layout_basic, uniq_maggie,
          uniq_prince_ribbit1, uniq_grinder, uniq_edmund
D:7:      layout_basic, grunt_temple_overflow_forces_of_nature,
          gammafunk_ghost_split, minmay_misc_feat_rows, eino_jars
Temple:   hellmonk_temple_forest_ring

Skill      XL: |  1  2  3  4  5  6  7  8  9 10 |
---------------+-------------------------------+-----
Staves         | 4 5 6 9 10 | 10.0
Fighting       | 3 5 8 10 | 10.0
Armour         | 5 6 |  6.2
Invocations    | 3 |  3.7
Throwing       | |  2.0
Dodging        | |  2.6

Action                   |  1- 3 |  4- 6 |  7- 9 | 10-12 || total
-------------------------+-------+-------+-------+-------++-------
Melee: Quarterstaff      |    37 |   146 |   215 |    89 ||   487
       Punch             |       |     3 |     2 |       ||     5
Throw: Javelin           |       |       |     4 |       ||     4
       Dart              |       |       |     2 |       ||     2
       Boomerang         |       |       |       |     1 ||     1
Invok: Recall Undead Har |       |       |       |     1 ||     1
Evoke: Wand              |       |       |     4 |       ||     4
  Use: Scroll            |     5 |     3 |     4 |     1 ||    13
       Potion            |       |     1 |     1 |       ||     2
 Stab: Sleeping          |       |     1 |       |       ||     1
       Distracted        |       |       |     1 |       ||     1
Armor: Leather armour    |     9 |    41 |     1 |       ||    51
       Chain mail        |       |       |    82 |       ||    82
       Acid dragon scale |       |       |       |    23 ||    23
Dodge: Dodged            |    22 |   106 |    90 |    94 ||   312
